 Dungeon Crawl Stone Soup version 0.23-a0-164-g7711e57 (webtiles) character file.

18979 grindst0ne the Markscentaur (level 12, -11/112 HPs)
             Began as a Centaur Hunter on Sept 9, 2018.
             Was a High Priest of Okawaru.
             Mangled by a polar bear (20 damage)
             ... in an ice cave.
             The game lasted 00:49:36 (20535 turns).

grindst0ne the Markscentaur (Centaur Hunter)       Turns: 20535, Time: 00:49:36

Health: -11/112    AC: 10    Str: 25    XL:     12   Next: 32%
Magic:  12/12      EV: 10    Int: 14    God:    Okawaru [*****.]
Gold:   1005       SH:  0    Dex: 18    Spells: 11/11 levels left

rFire    . . .     SeeInvis .   b - +10 rapier "Cuath" {speed, *Rage rC++ Str+9}
rCold    + + .     Gourm    .   (no shield)
rNeg     . . .     Faith    +   H - +3 leather armour
rPois    .         Spirit   .   m - +1 helmet
rElec    .         Reflect  .   C - +0 cloak
rCorr    .         Harm     .   (no gloves)
MR       .....     Rnd*Rage +   (no barding)
Stlth    +.........             P - amulet of faith
HPRegen  0.28/turn              F - +4 ring of dexterity
MPRegen  0.13/turn              G - +4 ring of intelligence

@: very quick
A: large, hooves 3, deformed body, speed 2, tough skin 3
a: Heroism, Finesse, Renounce Religion


You were in an ice cave.
You worshipped Okawaru.
Okawaru was extremely pleased with you.
You were not hungry.

You visited 3 branches of the dungeon, and saw 14 of its levels.
You also visited: Bailey and Ice Cave.

You collected 1025 gold pieces.
You spent 20 gold pieces at shops.

Inventory:

Hand Weapons
 a - a +5 longbow of flaming
 b - the +10 rapier "Cuath" (weapon) {speed, *Rage rC++ Str+9}
   (You found it on level 2 of the Lair of Beasts)

   Attacks with this weapon are significantly faster.
   It affects your strength (+9).
   It greatly protects you from cold.
   It may make you go berserk in combat.
 U - a +5 scimitar
Missiles
 d - 197 arrows
Armour
 i - a +0 leather armour of cold resistance
 m - a +1 helmet (worn)
 C - a +0 cloak (worn)
 H - a +3 leather armour (worn)
 N - the +1 chain mail of Ylanevil {+Blink rPois rN+ Str-4}
   (You found it on level 9 of the Dungeon)

   It affects your strength (-4).
   It protects you from poison.
   It protects you from negative energy.
   It lets you blink.
Jewellery
 F - a +4 ring of dexterity (left hand)
 G - a +4 ring of intelligence (right hand)
 P - an amulet of faith (around neck)
Wands
 t - a wand of scattershot (8)
 Q - a wand of disintegration (16)
 R - a wand of acid (7)
 S - a wand of polymorph (8)
Scrolls
 c - 3 scrolls of magic mapping {unknown}
 l - 8 scrolls of teleportation
 n - 4 scrolls of amnesia
 o - a scroll of remove curse
 q - 4 scrolls of fear {unknown}
 w - 2 scrolls of immolation
 y - 2 scrolls of fog
 A - a scroll of silence {unknown}
 B - a scroll of random uselessness {unknown}
 I - a scroll of enchant armour {unknown}
 K - 3 scrolls of enchant weapon
 M - 2 scrolls of blinking
Potions
 e - a potion of cancellation
 g - a potion of haste
 h - 2 potions of resistance
 j - 4 potions of curing
 k - 4 potions of magic
 p - 2 potions of might
 u - a potion of invisibility {unknown}
 v - a potion of degeneration {unknown}
 x - 2 potions of flight
 D - a potion of brilliance
 L - 2 potions of experience {unknown}
 O - a potion of lignification {unknown}
 V - a potion of ambrosia
Comestibles
 f - 24 rations
 r - 4 chunks of flesh


   Skills:
 + Level 12.2 Fighting
 - Level 20.0 Bows
 - Level 1.3 Dodging
 - Level 0.4 Stealth


You had 11 spell levels left.
You didn't know any spells.
Your spell library contained the following spells:

 Spells                   Type           Power        Failure   Level  Hunger
 Confusing Touch          Hex            #.....       32%         1    ##.....
 Sting                    Conj/Pois      #...         32%         1    ##.....
 Poisonous Vapours        Pois/Air       #.....       45%         2    ###....
 Confuse                  Hex            #.......     69%         3    ####...
 Gell's Gravitas          Tloc           #.........   69%         3    ####...
 Mephitic Cloud           Conj/Pois/Air  #.......     69%         3    ####...
 Recall                   Summ/Tloc      N/A          69%         3    ####...
 Animate Dead             Necr           N/A          97%         4    #####..
 Ice Form                 Ice/Tmut       #.......     97%         4    #####..
 Olgreb's Toxic Radiance  Pois           #.......     97%         4    #####..
 Petrify                  Tmut/Erth      #.......     97%         4    #####..
 Sticky Flame             Conj/Fire      #.......     97%         4    #####..
 Borgnjor's Vile Clutch   Necr/Erth      #.........   100%        5    ######.
 Fireball                 Conj/Fire      #.........   100%        5    ######.
 Metabolic Englaciation   Hex/Ice        #.........   100%        5    ######.
 Summon Demon             Summ           #.........   100%        5    ######.
 Summon Mana Viper        Hex/Summ       #.......     100%        5    ######.
 Venom Bolt               Conj/Pois      #.........   100%        5    ######.
 Yara's Violent Unravell  Hex/Tmut       #.........   100%        5    ######.
 Bolt of Cold             Conj/Ice       #.........   100%        6    #######
 Death Channel            Necr           #.........   100%        6    #######
 Freezing Cloud           Conj/Ice/Air   #.........   100%        6    #######
 Ozocubu's Refrigeration  Ice            #.........   100%        6    #######
 Simulacrum               Ice/Necr       #.........   100%        6    #######


Dungeon Overview and Level Annotations

Branches:
Dungeon (10/15)            Temple (1/1) D:7            Lair (3/6) D:9
  Swamp: Lair:2-4    Shoals: Lair:2-4     Snake: Lair:2-4    Spider: Lair:2-4
    Orc: D:9-12

Altars:
Ashenzari
Dithmenos
Elyvilon
Nemelex Xobeh
Okawaru
Qazlal
Ru
Vehumet
Wu Jian
Xom
Zin
The Shining One

Shops:
D:6 *

Annotations:
D:2 exclusion: downstairs
D:6 exclusion: downstairs
D:10 1 runed door, bloodycherry's ghost, journeyman DDFi


Innate Abilities, Weirdness & Mutations

You have hooves in place of feet.
Armour fits poorly on your strangely shaped body.
You cover ground very quickly.
You have extremely tough skin. (AC +3)


Message History

You hit the polar bear.
You kick the polar bear, but do no damage.
The polar bear is almost dead.
The polar bear completely misses you. The polar bear closely misses you.
The polar bear barely misses you.
You hit the polar bear but do no damage.
The polar bear is almost dead.
The polar bear misses you.
The polar bear claws you but does no damage. x2
The polar bear rages.
You feel much better. The polar bear bites you!!
* * * LOW HITPOINT WARNING * * *
The polar bear misses you. The polar bear completely misses you.
The polar bear bites you!
* * * LOW HITPOINT WARNING * * *
The polar bear claws you but does no damage.
The polar bear claws you.
* * * LOW HITPOINT WARNING * * *
The polar bear bites you!!
You die...

###..#
#..# #
#..# #†##
##.###.#
#..##..#
#.###.##
##.##.##
#..##.#
#.###.#
##@###.#
#.h##..#
##.###.##
#..###.#
##..#..#
##.#.##
#...#
#...#
##.##


You could see a polar bear (berserk).

Vanquished Creatures
  An orc warlord (Bailey)
  A two-headed ogre (D:9)
  Nergalle (Lair:3)
  An orc knight (Bailey)
  An elephant (D:9)
  2 spiny frogs
  7 rime drakes (Lair:2)
  A yaktaur (shapeshifter) (D:9)
  A polar bear (IceCv)
  10 blink frogs
  A slime creature (D:8)
  4 hippogriffs
  Sigmund (D:2)
  9 yaks
  11 steam dragons
  A basilisk (D:9)
  A hungry ghost (D:7)
  An acid dragon (Lair:2)
  2 water moccasins
  4 porcupines (Lair:2)
  2 sky beasts
  A black bear (D:7)
  12 orc warriors
  An ogre (D:5)
  3 ice beasts
  6 centaurs
  7 wolves
  4 crocodiles
  Blork the orc (D:6)
  A wyvern zombie (D:7)
  7 bullfrogs
  2 scorpions
  5 wights (D:6)
  7 electric eels
  3 howler monkeys
  5 killer bees (D:7)
  A bullfrog zombie (D:6)
  2 crimson imps
  A centaur zombie (D:6)
  9 jellies
  A bullfrog skeleton (D:4)
  5 hounds
  A centaur skeleton (D:7)
  3 orc priests
  2 iguanas (D:4)
  6 orc wizards
  Natasha (thrice) (D:3)
  8 worker ants
  A hound zombie (D:7)
  Robin (D:4)
  A worker ant zombie (D:7)
  13 gnolls
  10 adders
  2 shadow imps (D:6)
  11 white imps (Lair:3)
  18 oozes
  An adder zombie (D:9)
  2 adder skeletons (D:4)
  3 worms
  2 dart slugs (D:2)
  5 leopard geckos
  61 orcs
  7 bats
  6 giant cockroaches
  39 goblins
  21 hobgoblins
  4 jackals (D:2)
  6 quokkas
  A ball python zombie (D:5)
  8 frilled lizards
  6 kobolds
  A leopard gecko skeleton (D:5)
  A quokka skeleton (D:4)
  11 rats
412 creatures vanquished.

Vanquished Creatures (others)
  5 dream sheep (D:4)
  5 fungi (D:8)
10 creatures vanquished.

Grand Total: 422 creatures vanquished

Notes
Turn   | Place    | Note
-------+----------+-------------------------------------------
     0 | D:1      | grindst0ne the Centaur Hunter began the quest for the Orb.
     0 | D:1      | Reached XP level 1. HP: 17/17 MP: 1/1
   238 | D:1      | Reached XP level 2. HP: 11/24 MP: 2/2
   526 | D:1      | Reached skill level 6 in Bows
   851 | D:2      | Reached XP level 3. HP: 28/30 MP: 3/3
  1023 | D:2      | Noticed Sigmund
  1310 | D:2      | Killed Sigmund
  1310 | D:2      | Reached skill level 8 in Bows
  1310 | D:2      | Reached XP level 4. HP: 40/40 MP: 4/4
  1310 | D:2      | Reached XP level 5. HP: 46/46 MP: 5/5
  1823 | D:3      | Noticed Natasha
  1831 | D:3      | Killed Natasha
  1831 | D:3      | Reached XP level 6. HP: 42/52 MP: 6/6
  1893 | D:3      | Noticed Natasha
  1903 | D:3      | Killed Natasha
  2669 | D:3      | Reached skill level 9 in Bows
  2672 | D:3      | Noticed a sky beast
  2704 | D:3      | Killed a sky beast
  2891 | D:3      | Noticed Natasha
  2899 | D:3      | Killed Natasha
  2916 | D:3      | Reached XP level 7. HP: 54/60 MP: 7/7
  3810 | D:4      | Reached skill level 10 in Bows
  4006 | D:4      | Found a shimmering altar of Xom.
  4006 | D:4      | Noticed a dream sheep
  4006 | D:4      | Noticed a dream sheep
  4006 | D:4      | Noticed a dream sheep
  4006 | D:4      | Noticed a dream sheep
  4006 | D:4      | Noticed a dream sheep
  4012 | D:4      | Killed a dream sheep
  4014 | D:4      | Killed a dream sheep
  4014 | D:4      | Killed a dream sheep
  4014 | D:4      | Killed a dream sheep
  4014 | D:4      | Killed a dream sheep
  4125 | D:4      | Reached skill level 5 in Fighting
  4221 | D:4      | Noticed Robin
  4265 | D:4      | Killed Robin
  4958 | D:5      | Entered Level 5 of the Dungeon
  4998 | D:5      | Reached skill level 11 in Bows
  5169 | D:5      | Reached XP level 8. HP: 70/70 MP: 8/8
  5772 | D:5      | Reached skill level 12 in Bows
  6915 | D:6      | Noticed Blork the orc
  6930 | D:6      | Reached skill level 13 in Bows
  6943 | D:6      | Killed Blork the orc
  6958 | D:6      | Reached XP level 9. HP: 46/79 MP: 9/9
  7476 | D:6      | Found Zurept's General Store.
  7622 | D:6      | Bought a scroll of identify for 20 gold pieces
  7938 | D:7      | Reached skill level 14 in Bows
  8214 | D:7      | Found a staircase to the Ecumenical Temple.
  8251 | D:7      | Found a flagged portal.
  8261 | Bailey   | Entered a bailey
  9072 | Bailey   | Reached skill level 15 in Bows
  9190 | Bailey   | Noticed an orc warlord
  9533 | Bailey   | Killed an orc warlord
  9533 | Bailey   | Reached XP level 10. HP: 72/91 MP: 10/10
  9822 | Bailey   | Noticed an orc knight
  9857 | Bailey   | Reached skill level 16 in Bows
  9950 | Bailey   | Killed an orc knight
 10689 | Temple   | Entered the Ecumenical Temple
 10703 | Temple   | Became a worshipper of Warmaster Okawaru
 11670 | D:8      | Found a sacrificial altar of Ru.
 12423 | D:8      | Reached skill level 17 in Bows
 12896 | D:9      | Got a fine chain mail
 12907 | D:9      | Identified the +1 chain mail of Ylanevil {+Blink rPois rN+
                  | Str-4} (You found it on level 9 of the Dungeon)
 13143 | D:9      | Reached * piety under Okawaru
 13186 | D:9      | Reached skill level 10 in Fighting
 13354 | D:9      | Found a staircase to the Lair.
 13354 | D:9      | Noticed an elephant
 13393 | D:9      | Killed an elephant
 13393 | D:9      | Reached XP level 11. HP: 82/99 MP: 11/11
 13775 | D:9      | Noticed a two-headed ogre
 13831 | D:9      | Killed a two-headed ogre
 13831 | D:9      | Reached ** piety under Okawaru
 13909 | D:10     | Entered Level 10 of the Dungeon
 14486 | D:10     | Found a runed door.
 14486 | D:10     | Noticed bloodycherry's ghost (journeyman DDFi)
 14555 | D:10     | Identified the Almanac of Flamy Companions
 14562 | D:10     | Found a white marble altar of Elyvilon.
 14672 | D:10     | Reached skill level 18 in Bows
 15172 | D:10     | Noticed a stone giant
 15264 | Lair:1   | Entered Level 1 of the Lair of Beasts
 16284 | Lair:1   | Reached *** piety under Okawaru
 16289 | Lair:1   | Received a gift from Okawaru
 16665 | D:9      | HP: 4/101 [blink frog (16)]
 17653 | Lair:1   | Identified a scroll of acquirement
 17786 | Lair:2   | Reached skill level 19 in Bows
 17909 | Lair:2   | Reached **** piety under Okawaru
 17918 | Lair:2   | Received a gift from Okawaru
 18463 | Lair:2   | Received a gift from Okawaru
 18463 | Lair:2   | Reached XP level 12. HP: 64/110 MP: 12/12
 18910 | Lair:2   | Reached ***** piety under Okawaru
 19256 | Lair:2   | Received a gift from Okawaru
 19430 | Lair:2   | Got a shimmering rapier
 19431 | Lair:2   | Identified the +10 rapier "Cuath" {speed, *Rage rC++ Str+9}
                  | (You found it on level 2 of the Lair of Beasts)
 19883 | Lair:3   | Noticed Nergalle
 19886 | Lair:3   | Found a frozen archway.
 19909 | Lair:3   | HP: 5/111 [spectral orc warlord/great mace[Nergalle] (6)]
 19999 | Lair:3   | Reached skill level 20 in Bows
 20020 | Lair:3   | Killed Nergalle
 20026 | IceCv    | Entered an ice cave
 20535 | IceCv    | Mangled by a polar bear

Vault maps used:
D:1:      saegor_arrival_simple_e, nrook_mini_backslash
D:2:      uniq_sigmund
D:3:      cheibrodos_pilgrimage, uniq_natasha
D:4:      kb_xom_exploding_sheep, uniq_robin
D:5:      first_ration, kennysheep_generic_room_4
D:6:      kennysheep_six_static_rooms, serial_shops, nicolae_shop_waterfront,
          uniq_blork_the_orc
D:7:      minmay_temple_entry_hall, enter_bailey_2, minmay_misc_feat_roman
D:8:      lemuel_slime, nicolae_ru_awakened_eye
D:9:      david_lair_generic, hangedman_little_slice_of_home, minmay_three_doors
D:10:     basic_altar, hellmonk_ghost_happy_afterlife, kennysheep_just_a_vault
Temple:   nicolae_temple_the_god_donut
Lair:1:   grunt_megastairs_3
Lair:2:   serial_bayou, serial_bayou_pond_e, serial_bayou_pond_d,
          serial_bayou_lake_a, serial_bayou_pond_d, serial_bayou_ford_a,
          serial_bayou_crossing, serial_bayou_pond_b, bobbens_dragon_lair_wall,
          lemuel_fruit_tree
Lair:3:   dummy_snake_entry, portal_ice_cave_entry_imps, serial_bayou_shore_a,
          uniq_nergalle
Bailey:   bailey_axe_minmay_hex_keep, bailey
IceCv:    ice_cave_caverns_01

Skill      XL: |  1  2  3  4  5  6  7  8  9 10 11 12 |
---------------+-------------------------------------+-----
Bows           | 6 8 9 11 13 15 17 19 20 | 20.0
Fighting       | 3 4 5 7 9 10 11 12 | 12.2
Dodging        | |  1.3
Stealth        | |  0.4

Action                   |  1- 3 |  4- 6 |  7- 9 | 10-12 || total
-------------------------+-------+-------+-------+-------++-------
Melee: Short sword       |   101 |   121 |   258 |       ||   480
       Kick              |    12 |    28 |    99 |    96 ||   235
       Scimitar          |       |       |   115 |   188 ||   303
       Shortbow          |       |       |     1 |       ||     1
       Rapier            |       |       |       |    40 ||    40
 Fire: Shortbow          |    29 |    40 |   356 |   298 ||   723
       Longbow           |       |       |       |   151 ||   151
Evoke: Wand              |       |       |     2 |     5 ||     7
  Use: Scroll            |       |       |     8 |    14 ||    22
       Potion            |       |       |     2 |    11 ||    13
  Eat: Chunk             |     1 |     4 |    19 |    15 ||    39
       Ration            |       |       |       |     4 ||     4
Armor: Leather armour    |    57 |    61 |   157 |   158 ||   433
Dodge: Dodged            |    42 |    68 |   190 |   174 ||   474
       Rpst.: Scimitar   |       |       |    24 |    22 ||    46

Table legend:
 A = Non-vault XP
 B = Vault XP
 C = Vault XP percentage of total XP
 D = Non-vault monster count
 E = Vault monster count
 F = Vault count percentage of total count
                 A         B        C        D         E       F
            +---------+---------+-------+---------+---------+-------
      Total |   12218 |   14896 |  54.9 |     243 |     169 |  41.0
            +---------+---------+-------+---------+---------+-------
        D:1 |      35 |       0 |   0.0 |      19 |       0 |   0.0
        D:2 |      94 |     223 |  70.3 |      33 |       1 |   2.9
        D:3 |     317 |     132 |  29.4 |      26 |       8 |  23.5
        D:4 |     395 |      33 |   7.7 |      23 |      11 |  32.4
        D:5 |     931 |       2 |   0.2 |      27 |       1 |   3.6
        D:6 |    1015 |      99 |   8.9 |      24 |       1 |   4.0
        D:7 |    1556 |       0 |   0.0 |      29 |       0 |   0.0
        D:8 |     637 |     560 |  46.8 |      14 |      18 |  56.2
        D:9 |    2082 |    2764 |  57.0 |      12 |      18 |  60.0
       D:10 |    1754 |       0 |   0.0 |      12 |       0 |   0.0
     Lair:1 |    1054 |     621 |  37.1 |       7 |       3 |  30.0
     Lair:2 |    1800 |    4965 |  73.4 |      14 |      21 |  60.0
     Lair:3 |     548 |     928 |  62.9 |       3 |      12 |  80.0
     Bailey |       0 |    3613 | 100.0 |       0 |      69 | 100.0
      IceCv |       0 |     956 | 100.0 |       0 |       6 | 100.0
            +---------+---------+-------+---------+---------+-------
